Cogmind - Beta 10.2 @@@ ROGUE MODE // 2020.11.02 @ 15:31:24 // Halloween2020/ForbiddenLore Player: CrossedViper Result: Destroyed by G-73 Enforcer with Heavy Laser Performance ------------- Evolutions (7) 3500 Regions Visited (23) 4600 Robots Destroyed (249) 1245 Value Destroyed (11237) 11237 Prototype IDs (73) 1460 Alien Tech Used (1) 200 Bonus (4213) 4213 TOTAL SCORE: 26455 Bonus ------- Triggered High Security 500 High Alert Combat Kills 4260 Follower Combat Kills 937 Aligned with FarCom 300 Met Data Miner 300 Met Zhirov 300 Built Enhanced Grunts 300 Met R17 at Cetus 500 Friendly Fire -3184 Cogmind --------- Core Integrity 0/1300 Matter 237/300 Energy 100/100 System Corruption 42% Temperature Cool (9) Movement Core (50) Location -3/Research Parts ------- > --- POWER (3) -------- (None) > --- PROPULSION (4) --- (None) > --- UTILITY (12) ----- Advanced Targeting Computer Advanced Target Analyzer Advanced Core Analyzer > --- WEAPON (2) ------- (None) > --- INVENTORY (4) ---- Trap Reconfigurator Transdimensional Reconstructor Firepult Peak State ------------ > --- POWER ------------ Micro Fission Core Light Antimatter Reactor Light Quantum Reactor > --- PROPULSION ------- Advanced Medium Treads Biometal Medium Treads Armored Heavy Treads > --- UTILITY ---------- Advanced Heat Sink Advanced Cooling System Medium Storage Unit Large Storage Unit Improved Matter Compressor Enhanced Optical Array Advanced Targeting Computer Advanced Target Analyzer Advanced Core Analyzer Advanced Armor Integrity Analyzer Centrium Light Armor Plating Centrium Light Armor Plating > --- WEAPON ----------- Hypervelocity Mass Driver Hypervelocity Mass Driver > --- INVENTORY -------- Improved Matter Compressor Improved Light Armor Plating Centrium Light Armor Plating Trap Reconfigurator Transdimensional Reconstructor Gamma Rifle Firepult Hypervelocity Mass Driver Hypervelocity Mass Driver Compact Mass Driver Compact Mass Driver Fusion Bomb Launcher [Rating: 145] Favorites ----------- Power Light Antimatter Reactor Engine Ion Engine Power Core Micro Fission Core Reactor Light Antimatter Reactor Propulsion Improved Flight Unit Treads Advanced Medium Treads Leg Advanced Myomer Leg Flight Unit Improved Flight Unit Utility Large Storage Unit Device Advanced Heat Sink Storage Large Storage Unit Processor Enhanced Optical Array Hackware Improved System Shield Protection Centrium Light Armor Plating Weapon Improved KE Penetrator Energy Gun Small Laser Energy Cannon HERF Cannon Ballistic Gun Improved KE Penetrator Ballistic Cannon Hardcell Cannon Launcher Mini Grenade Launcher Special Weapon Plasma Flamer Slashing Weapon Phasing Sabre Build | -11 -10 -10 -9 -9 -9 -8 -8 -8 -7 -6 -6 -6 -6 -5 -5 -5 -5 -5 -4 -4 -4 -4 -3 ------- Run | Scr Mat Min Mat Min Exi Min Mat Sto Fac Fac Low Low Dat Pro Fac Upp Upp Zhi Pro Fac Ext Cet Res Slots Evolved 14 | . . . 2 . . . 2 . 2 2 . . . . 2 . . . . 2 . . 2 Power 2 | . . . . . . . . . 1 . . . . . 1 . . . . . . . . Propulsion 2 | . . . . . . . . . 1 1 . . . . . . . . . . . . . Utility 10 | . . . 2 . . . 2 . . 1 . . . . 1 . . . . 2 . . 2 Weapon . | . . . . . . . . . . . . . . . . . . . . . . . . Parts Attached 212 | . 3 6 5 6 6 2 13 14 18 7 1 . . 2 . 1 3 14 4 16 18 10 63 Power 41 | . 1 . 1 . 1 . 2 1 6 2 . . . 1 . 1 . 2 2 1 4 4 12 Engine 13 | . 1 . 1 . 1 . 1 1 5 1 . . . . . 1 . . . . . . 1 Core 8 | . . . . . . . 1 . 1 1 . . . 1 . . . . 1 1 1 . 1 Reactor 20 | . . . . . . . . . . . . . . . . . . 2 1 . 3 4 10 Propulsion 37 | . . 1 1 3 3 1 4 1 5 1 . . . 1 . . . 4 2 . 5 1 4 Treads 11 | . . 1 . . . . . . . . . . . . . . . . . . 5 1 4 Leg 19 | . . . 1 3 3 1 4 1 . . . . . . . . . 4 2 . . . . Wheel . | . . . . . . . . . . . . . . . . . . . . . . . . Hover . | . . . . . . . . . . . . . . . . . . . . . . . . Flight 7 | . . . . . . . . . 5 1 . . . 1 . . . . . . . . . Utility 68 | . . 2 . 2 . . 6 1 6 3 1 . . . . . . 5 . 9 3 3 27 Device 21 | . . . . 1 . . 1 . 1 1 1 . . . . . . 2 . 5 1 1 7 Storage 9 | . . 2 . . . . 2 . . . . . . . . . . 1 . . . . 4 Processor 11 | . . . . . . . 3 . 2 . . . . . . . . . . 3 . . 3 Hackware 3 | . . . . . . . . . 1 2 . . . . . . . . . . . . . Protection 24 | . . . . 1 . . . 1 2 . . . . . . . . 2 . 1 2 2 13 Artifact . | . . . . . . . . . . . . . . . . . . . . . . . . Weapon 66 | . 2 3 3 1 2 1 1 11 1 1 . . . . . . 3 3 . 6 6 2 20 Energy Gun 9 | . 2 2 . 1 . . . 2 . . . . . . . . . . . . . . 2 Energy Cannon 10 | . . . . . 1 . 1 1 . . . . . . . . 1 . . . 4 . 2 Ballistic Gun 23 | . . . 2 . . . . 7 1 1 . . . . . . 2 1 . 3 . 2 4 Ballistic Cannon 13 | . . . 1 . . . . . . . . . . . . . . . . 3 1 . 8 Launcher 9 | . . 1 . . 1 . . 1 . . . . . . . . . 2 . . . . 4 Special Weapon 1 | . . . . . . 1 . . . . . . . . . . . . . . . . . Impact Weapon . | . . . . . . . . . . . . . . . . . . . . . . . . Slashing Weapon 1 | . . . . . . . . . . . . . . . . . . . . . 1 . . Piercing Weapon . | . . . . . . . . . . . . . . . . . . . . . . . . Special Melee Weapon . | . . . . . . . . . . . . . . . . . . . . . . . . Unidentified Prototypes 27 | . . . . 1 . . . 7 3 . . . . . . . . 5 . 2 . 3 6 Parts Lost 69 | . . 3 4 . 10 . 2 3 . . . . . 3 2 . . . 1 8 2 . 31 Power 16 | . . . 1 . 1 . 1 . . . . . . 1 2 . . . . 2 . . 8 Propulsion 16 | . . 1 1 . 4 . . 1 . . . . . 2 . . . . . 1 1 . 5 Utility 18 | . . . . . 2 . . 1 . . . . . . . . . . 1 1 . . 13 Weapon 19 | . . 2 2 . 3 . 1 1 . . . . . . . . . . . 4 1 . 5 Highest Loss Streak 10 | . . 3 4 . 10 . 1 2 . . . . . 1 2 . . . 1 3 1 . 9 Average Slot Usage (%) 86 | . 85 91 75 89 96 63 84 98 78 81 86 86 86 84 64 58 58 85 98 93 90 78 82 Engine 4 | . 14 14 11 11 10 11 4 6 9 5 6 6 6 . . 5 5 5 2 . . . . Core 2 | . . . . . . . 2 2 2 3 6 6 6 12 11 . . . 2 7 2 5 3 Reactor 4 | . . . . . . . . . . . . . . . . . . 6 11 6 11 10 7 Treads 4 | . . 3 11 . . . . . . . . . . . . . . . . . 12 10 8 Leg 10 | . 28 24 10 21 21 15 18 17 . . . . . . . . . 17 23 19 2 . . Flight 3 | . . . . . . . . . 22 25 26 26 26 25 17 17 17 2 . . . . . Device 8 | . . . . 6 10 . 6 5 6 6 13 13 13 12 5 5 5 5 11 14 9 5 10 Storage 12 | . 14 20 22 22 22 22 18 18 7 6 6 6 6 6 5 5 5 9 11 10 9 5 9 Processor 13 | . . . . . . . 17 27 15 11 6 6 6 6 5 5 5 5 5 11 21 21 21 Hackware 4 | . . . . . . . . . 2 13 20 20 20 20 17 17 17 17 15 10 8 . . Protection 4 | . . . . 6 9 . . 2 7 6 . . . . . . . 3 . 1 1 10 10 Energy Gun 2 | . 20 19 7 9 9 . . . . . . . . . . . . . . . . . . Ballistic Gun 3 | . 8 . 3 11 9 . . 13 1 . . . . . . . . 1 . 2 . 7 3 Ballistic Cannon 1 | . . . 3 1 . . . . . . . . . . . . . . . 5 4 . 2 Launcher 2 | . . 8 6 . 1 11 9 2 . . . . . . . . . 5 11 1 . . . Naked Turns . | . . . . . . . . . . . . . . . . . . . . . . . . Heaviest Build 128 | 10 15 25 28 29 29 27 47 56 42 33 33 32 32 32 27 27 27 81 72 84 118 122 128 Greatest Support 155 | 20 20 20 20 20 23 25 40 40 24 33 33 33 33 33 27 27 27 127 127 124 150 155 155 Greatest Overweight (x) 2 | . . 2 2 1 2 2 1 2 1 1 . . . . . . . . . . . . 1 Average Overweight (x) . | . . . 1 1 . 1 . 1 . . . . . . . . . . . . . . . Largest Inventory Capacity 18 | . 6 12 12 12 12 12 18 16 16 10 10 10 10 10 10 10 10 10 10 10 10 10 14 Average Capacity 11 | . 6 8 12 12 12 12 13 16 10 10 10 10 10 10 10 10 10 10 10 10 10 10 10 Most Carried 16 | . 6 7 10 12 12 7 16 16 16 10 10 10 10 10 9 8 8 10 10 10 10 10 14 Average Carried 10 | . 5 5 8 11 10 5 12 15 9 9 10 10 10 8 9 8 7 9 9 9 9 9 9 Final Capacity 16 | 6 6 12 12 12 12 12 16 16 10 10 10 10 10 10 10 10 10 10 10 10 10 10 4 Final Carried 16 | 6 6 4 10 11 6 5 16 16 10 10 10 10 10 9 9 8 8 9 10 10 10 10 4 Class Distribution -------------------- 34% | Scavenger-Mutant 26% | Mutant 13% | Hacker-Mutant 12% | Generator-Mutant 8% | Hacker-Sprinter Dominant Class ---------------- Mutant | -10/Materials Mutant | -10/Mines Mutant | -9/Materials Scavenger-Mutant | -9/Mines Scavenger-Mutant | -9/Exiles Mutant | -8/Mines Mutant | -8/Materials Mutant | -8/Storage Sprinter | -7/Factory Hacker-Sprinter | -6/Factory Hacker-Sprinter | -6/Lower Caves Hacker-Sprinter | -6/Lower Caves Hacker-Sprinter | -6/Data Miner Hacker-Sprinter | -5/Proximity Caves Hacker-Sprinter | -5/Factory Hacker-Sprinter | -5/Upper Caves Hacker-Sprinter | -5/Upper Caves Hacker-Mutant | -5/Zhirov Hacker-Mutant | -4/Proximity Caves Generator-Mutant | -4/Factory Hacker-Mutant | -4/Extension Scavenger-Mutant | -4/Cetus Scavenger-Mutant | -3/Research Resources | -11 -10 -10 -9 -9 -9 -8 -8 -8 -7 -6 -6 -6 -6 -5 -5 -5 -5 -5 -4 -4 -4 -4 -3 ----------- Run | Scr Mat Min Mat Min Exi Min Mat Sto Fac Fac Low Low Dat Pro Fac Upp Upp Zhi Pro Fac Ext Cet Res Matter Collected 6798 | 200 . 227 31 147 . 55 222 628 99 251 65 . . 15 . . 33 232 474 359 759 320 2681 Remotely . | . . . . . . . . . . . . . . . . . . . . . . . . Salvage Created 10966 | . . 134 456 193 71 18 500 1549 122 87 . . . . . . 106 208 464 627 916 814 4701 Parts 536 | . . 14 31 9 . . 46 71 9 2 . . . . . . 4 14 21 23 31 32 229 Haulers Intercepted 11 | . . . . . . . 1 3 . 1 . . . . . . . . . . 2 . 4 Recyclers Shooed 13 | . . 2 . 1 . . 1 3 1 . . . . . . . . . . 2 1 . 2 Parts Field Recycled . | . . . . . . . . . . . . . . . . . . . . . . . . Retrieved Matter . | . . . . . . . . . . . . . . . . . . . . . . . . Parts Self-Destructed 16 | . . . . . . . . . . . 3 . . 6 . . 4 . 3 . . . . Prevented 14 | . . . . . . . . . . . . . . . . . . . 14 . . . . Kills | -11 -10 -10 -9 -9 -9 -8 -8 -8 -7 -6 -6 -6 -6 -5 -5 -5 -5 -5 -4 -4 -4 -4 -3 ------- Run | Scr Mat Min Mat Min Exi Min Mat Sto Fac Fac Low Low Dat Pro Fac Upp Upp Zhi Pro Fac Ext Cet Res Combat Hostiles Destroyed 194 | . . 16 12 5 4 1 19 24 . . . . . . . . 2 . 9 11 10 8 73 Melee 1 | . . . . . . . . . . . . . . . . . . . . . . . 1 Guns 72 | . . 3 9 2 . . . 18 . . . . . . . . 1 . . 1 . 6 32 Cannons 53 | . . . 3 3 . . 3 4 . . . . . . . . . . . 9 5 2 24 AOE 53 | . . 13 . . 4 . 15 2 . . . . . . . . . . 5 . . . 14 Classes Destroyed 20 | . . 4 4 . 1 1 4 2 . . . . . . . . 1 . . . 1 . 2 Worker 7 | . . . . . . . 2 2 . . . . . . . . . . . . . . 3 Builder 12 | . . 2 . . . . 2 1 1 . . . . . . . . . . . . . 6 Tunneler 1 | . . . . . . . . . . . . . . . . . . . . . . . 1 Hauler 11 | . . . . . . . 1 3 . 1 . . . . . . . . . . 2 . 4 Recycler 8 | . . . 1 . . . . 2 1 . . . . . . . . . . 1 1 . 2 Operator 1 | . . . . . . . 1 . . . . . . . . . . . . . . . . Turret 1 | . . . . . 1 . . . . . . . . . . . . . . . . . . Watcher 8 | . . . . . . . 5 . . . . . . . . . . . . 1 . 1 1 Swarmer 19 | . . . 3 . . . 7 . . . . . . . . . . . 5 1 . . 3 Saboteur 1 | . . . . . . . . . . . . . . . . . . . . . . . 1 Grunt 78 | . . 3 6 4 . . 6 16 . . . . . . . . . . 3 . 6 3 31 Brawler 5 | . . . . . . . . 3 . . . . . . . . . . . 1 . . 1 Duelist 7 | . . . 1 1 . . 1 . . . . . . . . . . . . 1 . . 3 Protector 4 | . . . . . . . . 1 . . . . . . . . . . . . . . 3 Sentry 17 | . . . 2 . . . 3 4 . . . . . . . . . . 1 2 2 . 3 Demolisher 1 | . . 1 . . . . . . . . . . . . . . . . . . . . . Hunter 13 | . . . . . . 1 2 . . . . . . . . . . . . 2 . . 8 Programmer 27 | . . . . . . . . . . . . . . . . . 2 . . 4 1 . 20 Behemoth 1 | . . . . . . . . . . . . . . . . . . . . . 1 . . Cetus Guard 5 | . . . . . . . . . . . . . . . . . . . . . . 5 . Enhanced Grunt 3 | . . . . . . . . . . . . . . . . . . 1 . . . 2 . Assembled 17 | . . 13 . . 4 . . . . . . . . . . . . . . . . . . Best Kill Streak 13 | . . 11 7 3 5 1 13 12 2 1 . . . . . . 2 1 5 5 3 3 12 Combat Bots Only 11 | . . 11 7 3 4 1 5 11 . . . . . . . . 2 . 5 5 3 3 8 Max Kills in Single Turn 5 | . . 5 1 1 3 1 3 3 1 1 . . . . . . 1 1 3 2 2 2 3 Gunslinging 1 | . . . . . . . . 1 . . . . . . . . . . . . . . 1 Exploded 5 | . . 5 . . 3 . 3 2 . . . . . . . . . . 3 . . . 3 Melee 1 | . . . . . . . . . . . . . . . . . . . . . . . 1 Uniques/NPCs Destroyed 2 | . . . . . . . . . . . . . . . . . . 1 . . . 1 . Svarog (-5/Zhirov) A7 (-4/Cetus) Combat | -11 -10 -10 -9 -9 -9 -8 -8 -8 -7 -6 -6 -6 -6 -5 -5 -5 -5 -5 -4 -4 -4 -4 -3 -------- Run | Scr Mat Min Mat Min Exi Min Mat Sto Fac Fac Low Low Dat Pro Fac Upp Upp Zhi Pro Fac Ext Cet Res Damage Taken 19786 | . . 436 512 331 1055 114 552 935 125 401 . . . 182 92 20 120 636 386 1550 1186 423 10730 Core 2778 | . . 114 97 49 150 . 84 201 57 127 . . . 37 25 . 19 34 66 218 178 19 1303 Absorbed by Shields 399 | . . . . . . . . . . . . . . . . . . . . . 282 117 . Core Remaining (%) 68 | 100 . 54 . . . 26 . 48 91 . . . . 80 . . . . 85 . . 63 . Volleys Fired 651 | . 1 28 35 18 10 6 39 107 2 3 . . . . . . 3 9 10 42 53 27 258 Largest 2 | . 2 2 2 2 2 1 2 2 2 1 . . . . . . 1 2 2 2 2 2 2 Hottest 250 | . 112 112 95 63 96 100 130 93 48 25 . . . . . . 250 72 72 126 250 169 148 Shots Fired 1003 | . 2 35 47 36 15 6 41 169 4 3 . . . . . . 3 18 19 74 85 43 403 Gun 559 | . 2 19 39 21 7 . . 146 4 3 . . . . . . 2 . . 23 . 35 258 Cannon 323 | . . . 8 15 6 . 4 21 . . . . . . . . 1 . . 45 85 8 130 Launcher 99 | . . 16 . . 2 . 21 2 . . . . . . . . . 18 19 6 . . 15 Special 22 | . . . . . . 6 16 . . . . . . . . . . . . . . . . Kinetic 702 | . . . 16 33 2 . . 146 4 3 . . . . . . 2 . . 68 46 35 347 Thermal 89 | . 2 19 31 3 5 6 16 . . . . . . . . . 1 . . . 1 . 5 Explosive 56 | . . 16 . . 2 . 21 2 . . . . . . . . . . . . . . 15 Electromagnetic 156 | . . . . . 6 . 4 21 . . . . . . . . . 18 19 6 38 8 36 Robot Hit Streak 26 | . 2 4 15 5 5 7 13 21 4 7 . . . . . . 8 3 3 8 11 16 26 Robot Miss Streak 5 | . . 3 2 3 1 . 1 3 . . . . . . . . 1 2 3 5 2 2 4 Penetration Max 1 | . . . . . . . . . . . . . . . . . . . . 1 1 1 1 Secondary Targets 13 | . . . 1 . . . . 4 . . . . . . . . . . . . . . 8 Max Gunslinging Chain 1 | . . . 1 . . . . 1 . . . . . . . . . . . . . . 1 Shots Hit Robots 696 | . 2 16 37 21 11 6 23 104 2 3 . . . . . . 2 9 6 42 59 32 321 Core Hits 530 | . . 38 20 9 8 1 49 62 2 3 . . . . 1 . 3 18 9 24 31 25 227 Critical Hits 106 | . . . . . . . . 1 . . . . . . . . . . . 8 4 9 84 Critical Kills 32 | . . . . . . . . . . . . . . . . . . . . 5 . 6 21 Critical Parts Destroyed 68 | . . . . . . . . 1 . . . . . . . . . . . 3 3 3 58 Melee Attacks 12 | . . . . . . . . . . . . . . . . . . . . . 12 . . Impact . | . . . . . . . . . . . . . . . . . . . . . . . . Slashing 12 | . . . . . . . . . . . . . . . . . . . . . 12 . . Piercing . | . . . . . . . . . . . . . . . . . . . . . . . . Sneak Attacks . | . . . . . . . . . . . . . . . . . . . . . . . . Combat Hostiles . | . . . . . . . . . . . . . . . . . . . . . . . . Follow-up Attacks . | . . . . . . . . . . . . . . . . . . . . . . . . Damage Inflicted 29254 | . 28 1622 598 397 409 76 1970 2274 51 49 . . . . 6 . 120 693 692 1861 2471 1338 14599 Guns 9421 | . 28 176 427 251 62 . . 1470 51 49 . . . . . . 18 . . 310 . 759 5820 Cannons 9095 | . . . 171 146 97 . 95 438 . . . . . . . . 51 . . 1092 2211 185 4609 Explosions 10419 | . . 1433 . . 250 . 1704 353 . . . . . . . . 51 693 691 459 260 394 4131 Melee . | . . . . . . . . . . . . . . . . . . . . . . . . Ramming 72 | . . 13 . . . . . 13 . . . . . . 6 . . . 1 . . . 39 Kinetic 15337 | . . . 226 363 28 . . 1470 51 49 . . . . . . 18 . . 1402 1374 759 9597 Thermal 2252 | . 28 176 372 34 34 76 171 . . . . . . . . . 102 . . 353 313 394 199 Explosive 7616 | . . 1433 . . 250 . 1704 353 . . . . . . . . . . . . . . 3876 Electromagnetic 3977 | . . . . . 97 . 95 438 . . . . . . . . . 693 691 106 784 185 888 Impact . | . . . . . . . . . . . . . . . . . . . . . . . . Slashing . | . . . . . . . . . . . . . . . . . . . . . . . . Piercing . | . . . . . . . . . . . . . . . . . . . . . . . . Highest Corruption 42 | . . . . . 3 3 . 4 1 . . . . . . . 2 3 5 7 8 8 42 Average Corruption 9 | . . . . . 2 3 . 4 1 . . . . . . . 1 2 4 5 7 8 16 Corruption Purged . | . . . . . . . . . . . . . . . . . . . . . . . . Effects 253 | . . . . . . 3 . 5 . . . . . . . . 1 6 12 15 51 17 143 Message Errors 49 | . . . . . . 1 . 2 . . . . . . . . . 4 5 2 12 3 20 Matter Fused 42 | . . . . . . 1 . . . . . . . . . . . 1 5 3 9 6 17 Heat Flow Errors 17 | . . . . . . . . 1 . . . . . . . . . . . . 5 2 9 Energy Discharges 17 | . . . . . . 1 . . . . . . . . . . 1 . . . 6 . 9 Parts Rejected 1 | . . . . . . . . . . . . . . . . . . . . . . . 1 Data Loss (minor) 18 | . . . . . . . . . . . . . . . . . . 1 . 2 2 1 12 Data Loss (major) 10 | . . . . . . . . . . . . . . . . . . . . 4 . . 6 Misfires 5 | . . . . . . . . . . . . . . . . . . . . . 1 . 4 Misdirections 9 | . . . . . . . . . . . . . . . . . . . . . . . 9 Targeting Errors 64 | . . . . . . . . 2 . . . . . . . . . . 1 2 12 4 43 Weapon Failures 21 | . . . . . . . . . . . . . . . . . . . 1 2 4 1 13 Overload Shots . | . . . . . . . . . . . . . . . . . . . . . . . . Overflow Damage 580 | . . 77 . . 15 . 24 2 . . . . . . . . . . 29 74 47 . 312 Projectiles 221 | . . . . . . . . 2 . . . . . . . . . . . 74 47 . 98 Explosions 346 | . . 77 . . 15 . 24 . . . . . . . . . . . 29 . . . 201 Melee 13 | . . . . . . . . . . . . . . . . . . . . . . . 13 Knockbacks 66 | . . . . 4 . . . . . . . . . . . . . . . 8 5 . 49 Impact . | . . . . . . . . . . . . . . . . . . . . . . . . Kinetic 61 | . . . . 4 . . . . . . . . . . . . . . . 6 5 . 46 Secondary 5 | . . . . . . . . . . . . . . . . . . . . 2 . . 3 Self-Inflicted Damage 811 | . . 85 . . 49 . 151 . . . . . . . 2 . 17 56 166 14 . . 271 Shots 23 | . . 3 . . 1 . 2 . . . . . . . . . 1 4 7 1 . . 4 Rammed 6 | . . 2 . . . . . . . . . . . . 2 . . . . . . . 2 Targets Rammed 8 | . . 2 . . . . . 1 . . . . . . 2 . . . 1 . . . 2 Kicked 2 | . . . . . . . . 1 . . . . . . . . . . 1 . . . . Crushed . | . . . . . . . . . . . . . . . . . . . . . . . . Highest Temperature 375 | . 51 309 300 30 141 236 250 179 8 15 . 1 . . . . 306 315 261 357 375 300 273 Average Temperature 100 | . 30 106 116 11 75 104 79 34 6 5 . 1 . . . . 154 156 98 107 121 123 87 Received Heat Transfer 2555 | . . 54 174 126 140 . 90 441 6 90 . . . . 18 . 9 18 42 27 209 10 1101 Effects 6 | . . 1 . . . . . . . . . . . . . . . . . . 3 2 . Shutdowns 2 | . . 1 . . . . . . . . . . . . . . . . . . 1 . . Interference 3 | . . . . . . . . . . . . . . . . . . . . . 2 1 . Short Circuit 1 | . . . . . . . . . . . . . . . . . . . . . . 1 . Siege Activations . | . . . . . . . . . . . . . . . . . . . . . . . . Robots Corrupted 13 | . . . . . 1 . . 1 . . . . . . . . . 2 4 1 2 . 2 Combat Hostiles 9 | . . . . . . . . . . . . . . . . . . . 4 1 2 . 2 Parts Fried 15 | . . . . . . . . 1 . . . . . . . . . 2 4 . 2 1 5 Impact Corruptions 2 | . . . . . . . . . . . . . . . . . . . . 1 . . 1 Robots Melted 6 | . . . . . . 1 1 . . . . . . . . . 1 . . . 3 . . Combat Hostiles 6 | . . . . . . 1 1 . . . . . . . . . 1 . . . 3 . . Parts Melted 17 | . . 2 1 . . 1 3 . . . . . . . . . 2 . . . 6 . 2 Heat Transferred 5750 | . 74 444 962 75 75 480 1040 . . . . . . . . . 480 . . 300 1410 250 160 Parts Sabotaged 2 | . . . . . . . . . . . . . . . . . . . . . . . 2 Parts Stolen . | . . . . . . . . . . . . . . . . . . . . . . . . Parts Stripped . | . . . . . . . . . . . . . . . . . . . . . . . . Power Chain Reactions 3 | . . . . . . . . . . . . . . . . . . . 1 . . 1 1 Missiles Intercepted . | . . . . . . . . . . . . . . . . . . . . . . . . Alert | -11 -10 -10 -9 -9 -9 -8 -8 -8 -7 -6 -6 -6 -6 -5 -5 -5 -5 -5 -4 -4 -4 -4 -3 ------- Run | Scr Mat Min Mat Min Exi Min Mat Sto Fac Fac Low Low Dat Pro Fac Upp Upp Zhi Pro Fac Ext Cet Res Peak Influence 2220 | . . 50 339 260 . 30 578 608 516 483 . . . . 39 . . . . 624 501 696 2220 Initial 417 | . . . 11 132 . . 11 243 259 259 . . . . 34 . . . . 119 168 263 417 Average 556 | . . 29 189 179 . 7 336 466 349 303 . . . . 34 . . . . 331 370 470 1239 Maximum Alert Level 5 | . . . 1 1 . . 2 2 2 2 . . . . . . . . . 2 2 2 5 Low Security (%) 22 | . 100 100 59 42 . 100 30 . . 8 . . . . 100 . . . . 39 12 . . Level 1 23 | . . . 40 57 . . 25 24 66 69 . . . . . . . . . 12 45 17 . Level 2 29 | . . . . . . . 44 75 33 21 . . . . . . . . . 48 41 82 10 Level 3 8 | . . . . . . . . . . . . . . . . . . . . . . . 31 Level 4 9 | . . . . . . . . . . . . . . . . . . . . . . . 36 Level 5 2 | . . . . . . . . . . . . . . . . . . . . . . . 8 High Security 3 | . . . . . . . . . . . . . . . . . . . . . . . 12 Max Security . | . . . . . . . . . . . . . . . . . . . . . . . . Squads Dispatched 47 | . 1 . 2 . . . 3 3 . . . . . . . . . . . 6 1 . 31 Investigation 4 | . . . 2 . . . 1 1 . . . . . . . . . . . . . . . Extermination 8 | . . . . . . . . . . . . . . . . . . . . 2 . . 6 Reinforcement 11 | . 1 . . . . . 2 . . . . . . . . . . . . . 1 . 7 Assault 14 | . . . . . . . . 2 . . . . . . . . . . . 1 . . 11 Garrison 10 | . . . . . . . . . . . . . . . . . . . . 3 . . 7 Intercept . | . . . . . . . . . . . . . . . . . . . . . . . . Construction Impeded 3 | . . . . . . . 1 . . . . . . . . . . . . . . . 2 Haulers Reinforced 2 | . . . . . . . . . . . . . . . . . . . . . . . 2 Stealth | -11 -10 -10 -9 -9 -9 -8 -8 -8 -7 -6 -6 -6 -6 -5 -5 -5 -5 -5 -4 -4 -4 -4 -3 --------- Run | Scr Mat Min Mat Min Exi Min Mat Sto Fac Fac Low Low Dat Pro Fac Upp Upp Zhi Pro Fac Ext Cet Res Distress Signals 15 | . . . 2 . . . 4 2 . 1 . . . . . . . . . 1 2 2 1 Communications Jammed . | . . . . . . . . . . . . . . . . . . . . . . . . Distress Signals . | . . . . . . . . . . . . . . . . . . . . . . . . Times Spotted 374 | . . 28 15 5 17 1 27 26 10 22 3 . . 6 1 1 7 4 9 21 25 14 132 Peak Tracking Total 16 | . . 14 7 3 14 1 6 7 6 7 3 . . 5 1 1 5 3 5 7 4 5 16 Tactical Retreats 26 | . . 4 . . 3 . . . 3 6 1 . . 2 . . . . . . 1 . 6 Traps | -11 -10 -10 -9 -9 -9 -8 -8 -8 -7 -6 -6 -6 -6 -5 -5 -5 -5 -5 -4 -4 -4 -4 -3 ------- Run | Scr Mat Min Mat Min Exi Min Mat Sto Fac Fac Low Low Dat Pro Fac Upp Upp Zhi Pro Fac Ext Cet Res Traps Triggered 7 | . . . . . . . 1 5 1 . . . . . . . . . . . . . . Indirectly . | . . . . . . . . . . . . . . . . . . . . . . . . Trap Hack Attempts . | . . . . . . . . . . . . . . . . . . . . . . . . Triggered . | . . . . . . . . . . . . . . . . . . . . . . . . Disarmed . | . . . . . . . . . . . . . . . . . . . . . . . . Reprogrammed . | . . . . . . . . . . . . . . . . . . . . . . . . Reused . | . . . . . . . . . . . . . . . . . . . . . . . . Traps Extracted . | . . . . . . . . . . . . . . . . . . . . . . . . Installed . | . . . . . . . . . . . . . . . . . . . . . . . . Triggered 4 | . . 1 . . . . . . . . 1 . . . . . . . . . 1 . 1 Machines | -11 -10 -10 -9 -9 -9 -8 -8 -8 -7 -6 -6 -6 -6 -5 -5 -5 -5 -5 -4 -4 -4 -4 -3 ---------- Run | Scr Mat Min Mat Min Exi Min Mat Sto Fac Fac Low Low Dat Pro Fac Upp Upp Zhi Pro Fac Ext Cet Res Machines Disabled 38 | . . . . . . . 4 4 . . . . . . . . 1 2 . 20 4 . 3 Max in Single Turn 20 | . . . . . . . 1 1 . . . . . . . . 1 2 . 20 2 . 2 Energy Cycler 1 | . . . . . . . . . . . . . . . . . . . . . 1 . . Machines Sabotaged . | . . . . . . . . . . . . . . . . . . . . . . . . Garrisons Compromised . | . . . . . . . . . . . . . . . . . . . . . . . . Overloaded Fab Kills . | . . . . . . . . . . . . . . . . . . . . . . . . Fab Network Shutdowns . | . . . . . . . . . . . . . . . . . . . . . . . . Hacking | -11 -10 -10 -9 -9 -9 -8 -8 -8 -7 -6 -6 -6 -6 -5 -5 -5 -5 -5 -4 -4 -4 -4 -3 --------- Run | Scr Mat Min Mat Min Exi Min Mat Sto Fac Fac Low Low Dat Pro Fac Upp Upp Zhi Pro Fac Ext Cet Res Machines Accessed 50 | . . . 3 1 1 . 3 4 5 11 2 . 4 . . . . 7 . 5 1 . 3 Terminals 28 | . . . 2 1 . . 3 4 3 9 . . . . . . . . . 3 1 . 2 Fabricators 3 | . . . . . . . . . . 2 . . . . . . . . . . . . 1 Repair Stations . | . . . . . . . . . . . . . . . . . . . . . . . . Recycling Units 2 | . . . 1 . . . . . 1 . . . . . . . . . . . . . . Scanalyzers 2 | . . . . . . . . . 1 . . . . . . . . . . 1 . . . Garrison Access 1 | . . . . . . . . . . . . . . . . . . . . 1 . . . Total Hacks 201 | . . . 7 3 1 . 6 13 13 53 4 . 30 . . . . 46 . 17 2 . 6 Successful 146 | . . . 3 1 1 . 2 5 8 30 4 . 30 . . . . 46 . 12 1 . 3 Failed 55 | . . . 4 2 . . 4 8 5 23 . . . . . . . . . 5 1 . 3 Catastrophic 6 | . . . 1 . . . . . 1 3 . . . . . . . . . 1 . . . Database Lockouts . | . . . . . . . . . . . . . . . . . . . . . . . . Manual 61 | . . . 7 3 1 . 4 7 7 27 . . . . . . . . . 3 . 1 1 Terminals 90 | . . . 6 3 . . 6 13 7 43 . . . . . . . . . 8 2 . 2 Fabricators 14 | . . . . . . . . . . 10 . . . . . . . . . . . . 4 Repair Stations . | . . . . . . . . . . . . . . . . . . . . . . . . Recycling Units 3 | . . . 1 . . . . . 2 . . . . . . . . . . . . . . Scanalyzers 12 | . . . . . . . . . 4 . . . . . . . . . . 8 . . . Garrison Access 1 | . . . . . . . . . . . . . . . . . . . . 1 . . . Terminal Hacks 113 | . . . 1 1 1 . 2 4 2 16 4 . 30 . . . . 46 . 4 1 . 1 Record 49 | . . . . . . . . . 1 . 3 . 11 . . . . 34 . . . . . Part Schematic 16 | . . . . . . . . . . 3 . . 9 . . . . 4 . . . . . Robot Schematic 7 | . . . . . . . . . . . . . 7 . . . . . . . . . . Robot Analysis 4 | . . . . . . . . . . . . . . . . . . 4 . . . . . Prototype ID Bank 7 | . . . . . . . . . . . . . 3 . . . . 4 . . . . . Open Door 5 | . . . . . . . . 2 . . 1 . . . . . . . . 1 1 . . Branch Access Points 5 | . . . 1 1 . . 1 . . 1 . . . . . . . . . 1 . . . Terminal Index 2 | . . . . . . . . . 1 1 . . . . . . . . . . . . . Fabricator Index 1 | . . . . . . . . . . 1 . . . . . . . . . . . . . Alert Level 8 | . . . . . . . 1 1 . 4 . . . . . . . . . 1 . . 1 Unreport Threat 4 | . . . . . . . . 1 . 2 . . . . . . . . . 1 . . . Dispatch Records 1 | . . . . . . . . . . 1 . . . . . . . . . . . . . Security Status 1 | . . . . . . . . . . 1 . . . . . . . . . . . . . Patrol Status 1 | . . . . . . . . . . 1 . . . . . . . . . . . . . Zone Layout 1 | . . . . . . . . . . 1 . . . . . . . . . . . . . EX-Prototype ID Bank 1 | . . . . . 1 . . . . . . . . . . . . . . . . . . Fabricator Hacks 6 | . . . . . . . . . . 5 . . . . . . . . . . . . 1 Network Status 1 | . . . . . . . . . . 1 . . . . . . . . . . . . . Load Schematic 3 | . . . . . . . . . . 2 . . . . . . . . . . . . 1 Build 2 | . . . . . . . . . . 2 . . . . . . . . . . . . . Repair Station Hacks . | . . . . . . . . . . . . . . . . . . . . . . . . Recycling Unit Hacks . | . . . . . . . . . . . . . . . . . . . . . . . . Scanalyzer 11 | . . . . . . . . . 4 . . . . . . . . . . 7 . . . Insert Component 5 | . . . . . . . . . 2 . . . . . . . . . . 3 . . . Analyze 6 | . . . . . . . . . 2 . . . . . . . . . . 4 . . . Garrison Access Hacks . | . . . . . . . . . . . . . . . . . . . . . . . . Unauthorized Hacks 16 | . . . 2 . . . . 1 2 9 . . . . . . . . . 1 . . 1 Terminals 14 | . . . 1 . . . . 1 2 8 . . . . . . . . . 1 . . 1 Track 1 | . . . . . . . . . . 1 . . . . . . . . . . . . . Assimilate 3 | . . . . . . . . . 1 2 . . . . . . . . . . . . . Botnet 10 | . . . 1 . . . . 1 1 5 . . . . . . . . . 1 . . 1 Fabricators 1 | . . . . . . . . . . 1 . . . . . . . . . . . . . Prioritize 1 | . . . . . . . . . . 1 . . . . . . . . . . . . . Repair Stations . | . . . . . . . . . . . . . . . . . . . . . . . . Recycling Units 1 | . . . 1 . . . . . . . . . . . . . . . . . . . . Tunnel 1 | . . . 1 . . . . . . . . . . . . . . . . . . . . Scanalyzers . | . . . . . . . . . . . . . . . . . . . . . . . . Garrison Access . | . . . . . . . . . . . . . . . . . . . . . . . . Data Cores Recovered . | . . . . . . . . . . . . . . . . . . . . . . . . Used . | . . . . . . . . . . . . . . . . . . . . . . . . Hacking Detections 27 | . . . 1 1 . . 3 3 4 9 . . . . . . . . . 3 . . 3 Full Trace Events 2 | . . . 1 . . . . 1 . . . . . . . . . . . . . . . Feedback Events . | . . . . . . . . . . . . . . . . . . . . . . . . Feedback Blocked . | . . . . . . . . . . . . . . . . . . . . . . . . Robot Schematics Acquired 7 | . . . . . . . . . . . . . 7 . . . . . . . . . . Robots Built . | . . . . . . . . . . . . . . . . . . . . . . . . Matter . | . . . . . . . . . . . . . . . . . . . . . . . . Time . | . . . . . . . . . . . . . . . . . . . . . . . . Total Robot Build Rating . | . . . . . . . . . . . . . . . . . . . . . . . . Part Schematics Acquired 20 | . . . . . . . . . 2 3 . . 9 . . . . 4 . 2 . . . Parts Built 1 | . . . . . . . . . . 1 . . . . . . . . . . . . . Matter 380 | . . . . . . . . . . 380 . . . . . . . . . . . . . Time 142 | . . . . . . . . . . 142 . . . . . . . . . . . . . Total Part Build Rating 5 | . . . . . . . . . . 5 . . . . . . . . . . . . . Parts Repaired . | . . . . . . . . . . . . . . . . . . . . . . . . Time . | . . . . . . . . . . . . . . . . . . . . . . . . Parts Recycled . | . . . . . . . . . . . . . . . . . . . . . . . . Recycled Matter . | . . . . . . . . . . . . . . . . . . . . . . . . Retrieved Matter . | . . . . . . . . . . . . . . . . . . . . . . . . Retrieved Components . | . . . . . . . . . . . . . . . . . . . . . . . . Parts Scanalyzed 4 | . . . . . . . . . 2 . . . . . . . . . . 2 . . . Part Schematics Acquired 4 | . . . . . . . . . 2 . . . . . . . . . . 2 . . . Parts Damaged . | . . . . . . . . . . . . . . . . . . . . . . . . Bothacking | -11 -10 -10 -9 -9 -9 -8 -8 -8 -7 -6 -6 -6 -6 -5 -5 -5 -5 -5 -4 -4 -4 -4 -3 ------------ Run | Scr Mat Min Mat Min Exi Min Mat Sto Fac Fac Low Low Dat Pro Fac Upp Upp Zhi Pro Fac Ext Cet Res Used RIF Installer . | . . . . . . . . . . . . . . . . . . . . . . . . Robots Hacked . | . . . . . . . . . . . . . . . . . . . . . . . . Non-combat . | . . . . . . . . . . . . . . . . . . . . . . . . Combat . | . . . . . . . . . . . . . . . . . . . . . . . . Robot Hacks Applied . | . . . . . . . . . . . . . . . . . . . . . . . . Relay Couplers Released . | . . . . . . . . . . . . . . . . . . . . . . . . Robots Rewired 6 | . . . . . . . . . . . . . . . . . . . . . 6 . . Allies Hacked . | . . . . . . . . . . . . . . . . . . . . . . . . Hacks Repelled . | . . . . . . . . . . . . . . . . . . . . . . . . Allies | -11 -10 -10 -9 -9 -9 -8 -8 -8 -7 -6 -6 -6 -6 -5 -5 -5 -5 -5 -4 -4 -4 -4 -3 -------- Run | Scr Mat Min Mat Min Exi Min Mat Sto Fac Fac Low Low Dat Pro Fac Upp Upp Zhi Pro Fac Ext Cet Res Total Allies 23 | . . 3 . 2 . . . 2 1 2 . . . 1 . . . . . . 7 5 . Largest Group 7 | . . 3 . 2 2 . . 2 1 1 . . . 1 . . . . . . 7 5 2 Highest-Rated Group 470 | . . 40 . 42 42 . . 62 10 26 . . . 94 . . . . . . 410 470 188 Highest-Rated Ally 156 | . . 16 . 31 31 . . 31 10 26 . . . 94 . . . . . . 156 150 94 Total Orders 3 | . . . . . . . . . . 3 . . . . . . . . . . . . . STAY 2 | . . . . . . . . . . 2 . . . . . . . . . . . . . FOLLOW 1 | . . . . . . . . . . 1 . . . . . . . . . . . . . Ally Attacks 192 | . . 12 . . . . . 14 . . . . . 9 . . . . . . 72 41 44 Total Damage 4778 | . . 100 . . . . . 239 . . . . . 191 . . . . . . 1702 1114 1432 Kills 28 | . . 3 . . . . . 1 . . . . . 3 . . . . . . 11 5 5 Allies Corrupted 1 | . . 1 . . . . . . . . . . . . . . . . . . . . . Allies Melted . | . . . . . . . . . . . . . . . . . . . . . . . . Intel | -11 -10 -10 -9 -9 -9 -8 -8 -8 -7 -6 -6 -6 -6 -5 -5 -5 -5 -5 -4 -4 -4 -4 -3 ------- Run | Scr Mat Min Mat Min Exi Min Mat Sto Fac Fac Low Low Dat Pro Fac Upp Upp Zhi Pro Fac Ext Cet Res Robot Analysis Total 4 | . . . . . . . . . . . . . . . . . . 4 . . . . . Derelict Logs Recovered 8 | . . 1 . 1 . . . . . . 1 . . 2 . . 1 . 2 . . . . Drone Launches . | . . . . . . . . . . . . . . . . . . . . . . . . Drone Recoveries . | . . . . . . . . . . . . . . . . . . . . . . . . Exploration | -11 -10 -10 -9 -9 -9 -8 -8 -8 -7 -6 -6 -6 -6 -5 -5 -5 -5 -5 -4 -4 -4 -4 -3 ------------- Run | Scr Mat Min Mat Min Exi Min Mat Sto Fac Fac Low Low Dat Pro Fac Upp Upp Zhi Pro Fac Ext Cet Res Turns Passed 10762 | . 73 524 342 616 722 124 764 771 304 434 166 54 21 192 18 95 113 282 390 846 1177 388 2346 Spaces Moved 8798 | 1 50 323 137 361 455 65 440 292 694 1150 489 208 79 580 48 249 286 259 286 571 613 148 1014 Core 74 | . . . . . . . . . . . . . . . . . . . . . . . 74 Treads 1767 | . . 64 88 . . . . . . . . . . . . . . . . . 527 148 940 Legs 3080 | 1 50 259 49 361 455 65 440 292 . . . . . . . . . 165 286 571 86 . . Wheels . | . . . . . . . . . . . . . . . . . . . . . . . . Hover . | . . . . . . . . . . . . . . . . . . . . . . . . Flight 3877 | . . . . . . . . . 694 1150 489 208 79 580 48 249 286 94 . . . . . Fastest Speed 26 | 120 120 120 160 150 120 120 130 155 29 26 26 26 26 26 29 29 29 29 120 120 120 160 50 Average Speed 92 | 120 120 138 179 150 149 165 140 158 34 26 26 26 26 26 29 29 29 86 120 120 146 160 150 Slowest Speed 190 | 120 120 180 180 150 180 180 160 190 99 96 26 26 26 29 29 29 29 120 120 120 160 160 180 Overloaded Moves . | . . . . . . . . . . . . . . . . . . . . . . . . Propulsion Burnouts . | . . . . . . . . . . . . . . . . . . . . . . . . Robots Hopped 35 | . . . . . . . . . 20 6 . 1 . 1 . 4 3 . . . . . . Cave-ins Triggered . | . . . . . . . . . . . . . . . . . . . . . . . . Exploration Rate (%) 48 | 2 13 85 19 68 69 24 56 45 31 39 62 55 73 82 2 56 62 94 55 18 67 60 38 Regions Visited 23 Branch Regions 15 Pre-discovered Areas 8 | . . . 1 1 . . . . . . . . 1 2 . . . 3 . . . . . Known Exits Taken 6 | . . . 1 . . . 1 . . 1 1 . . . . . . . . 1 . 1 . Unknown Exits Taken 17 | 1 1 1 . 1 1 1 . 1 1 . . 1 1 1 1 1 1 1 1 . 1 . . Scrap Searched 13 | . . 1 . 1 . 1 . . . . 3 2 . 1 . 2 1 . 1 . . . . Spaces Dug 2 | . . . . . . . . . . . . . . . . . . . . 1 . . 1 Terrain Destroyed 594 | . . 112 . 1 4 . 136 17 . . . . . . . . . . . 55 28 25 216 Melee . | . . . . . . . . . . . . . . . . . . . . . . . . Projectile 61 | . . . . 1 . . . . . . . . . . . . . . . 13 10 12 25 AOE 533 | . . 112 . . 4 . 136 17 . . . . . . . . . . . 42 18 13 191 Terrain Rammed . | . . . . . . . . . . . . . . . . . . . . . . . . Walls Destroyed . | . . . . . . . . . . . . . . . . . . . . . . . . Machines Disabled . | . . . . . . . . . . . . . . . . . . . . . . . . Actions | -11 -10 -10 -9 -9 -9 -8 -8 -8 -7 -6 -6 -6 -6 -5 -5 -5 -5 -5 -4 -4 -4 -4 -3 --------- Run | Scr Mat Min Mat Min Exi Min Mat Sto Fac Fac Low Low Dat Pro Fac Upp Upp Zhi Pro Fac Ext Cet Res Total 10419 | . 63 361 187 401 485 73 540 492 740 1270 527 206 78 618 49 267 312 298 313 658 792 258 1431 Wait 422 | . . . 1 7 5 . 20 31 21 110 36 . . 37 . 22 17 . 6 16 25 56 12 Move 8709 | . 49 322 136 360 454 64 439 291 655 1137 488 205 78 577 48 240 280 258 285 570 612 147 1014 Hop 32 | . . . . . . . . . 18 6 . 1 . 1 . 4 2 . . . . . . Pick Up 137 | . 4 2 10 5 5 1 20 8 4 3 1 . . . . . 2 8 2 6 14 7 35 Fast Attach 81 | . 1 1 . 1 . . 3 10 8 2 . . . . . . . 5 4 9 7 4 26 Attach 91 | . . 3 4 2 6 2 5 2 9 4 . . . 2 . 1 3 9 . 6 7 1 25 Detach 14 | . . . . . . . . . 3 1 . . . 1 . . 3 4 . . 2 . . Swap 41 | . 2 2 1 3 . . 5 2 1 1 1 . . . . . . 1 . 1 4 5 12 Drop 160 | . 6 1 . 5 5 . 9 15 18 3 1 . . . . . 2 4 5 8 20 11 47 Fire 651 | . 1 28 35 18 10 6 39 107 2 3 . . . . . . 3 9 10 42 53 27 258 Melee 12 | . . . . . . . . . . . . . . . . . . . . . 12 . . Ram 1 | . . . . . . . . . . . . . . . 1 . . . . . . . . Kick 2 | . . . . . . . . 1 . . . . . . . . . . 1 . . . . Crush 4 | . . 2 . . . . . . . . . . . . . . . . . . . . 2 Escape Stasis 25 | . . . . . . . . 25 . . . . . . . . . . . . . . . Rewire 37 | . . . . . . . . . 1 . . . . . . . . . . . 36 . . Trap . | . . . . . . . . . . . . . . . . . . . . . . . . Miscellaneous . | . . . . . . . . . . . . . . . . . . . . . . . . Route ------- -11/Scrapyard -10/Materials -10/Mines (discovered 2 exits: *Mat x2) -9/Materials -9/Mines (discovered 2 exits: *Mat / *Exi) -9/Exiles -8/Mines -8/Materials (discovered 3 exits: *Fac / *Sto x2) -8/Storage -7/Factory -6/Factory (discovered 5 exits: [*Fac x3] / *Low x2) -6/Lower Caves -6/Lower Caves (discovered 2 exits: [*Fac] / *Dat) -6/Data Miner -5/Proximity Caves -5/Factory -5/Upper Caves -5/Upper Caves (discovered 2 exits: *Fac / *Zhi) -5/Zhirov -4/Proximity Caves -4/Factory (discovered 6 exits: Res / Upp x2 / *Ext x2 / Arm) -4/Extension (discovered 3 exits: *Res x2 / *Cet) -4/Cetus (discovered 2 exits: *Res / [*Arc]) -3/Research History --------- Turn | Location | Event 1 | -11/Scrapyard | Discovered new exit (range 0) 1 | -11/Scrapyard | Entered Materials 17 | -10/Materials | Discovered new exit (range 14) 74 | -10/Materials | Entered Mines 160 | -10/Mines | Assisted by bots powering up and referring to "LRC-V3" 263 | -10/Mines | Assembled infested the area 309 | -10/Mines | Build established: Mutant 314 | -10/Mines | Destroyed 11 combat bots 339 | -10/Mines | Learned Materials emergency access door positions 489 | -10/Mines | Lost 3 parts (1n2w) 512 | -10/Mines | Discovered new exit (range 13) 547 | -10/Mines | Discovered new exit (range 9) 598 | -10/Mines | Entered Materials 598 | -9/Materials | Evolved 2 slots: Utility x2 727 | -9/Materials | Identified exit to Mines 868 | -9/Materials | Destroyed 7 combat bots 868 | -9/Materials | Lost 4 parts (1p1n2w) 940 | -9/Materials | Entered Mines 1025 | -9/Mines | Discovered new exit (range 5) 1152 | -9/Mines | A weapon hastily lodged in a ceiling crevice suddenly fell to the ground 1212 | -9/Mines | Found a damaged Exp. Sensor Array with a note attached 1216 | -9/Mines | Found Prototype Device 1217 | -9/Mines | Identified Exp. Sensor Array 1257 | -9/Mines | Build established: Scavenger-Mutant 1421 | -9/Mines | Deemed a non-threat by the Exiles lab entrance 1422 | -9/Mines | Discovered new exit (range 5) 1556 | -9/Mines | Entered Exiles 1556 | -9/Exiles | Accompanied by 2 allies 1586 | -9/Exiles | Led the pair of lost Derelicts to a safe place 1592 | -9/Exiles | Met 8R-AWN 1619 | -9/Exiles | Met EX-HEX 1664 | -9/Exiles | Met EX-BIN 1702 | -9/Exiles | Aligned with FarCom system 1703 | -9/Exiles | Given EX-Vault access code 1738 | -9/Exiles | Opened EX-Vault 1753 | -9/Exiles | Found Firepult 1757 | -9/Exiles | Found Trap Reconfigurator 1761 | -9/Exiles | Found Modified TNC 1821 | -9/Exiles | Warned to stay clear of 0b10 Research branches 1947 | -9/Exiles | Met EX-DEC 2183 | -9/Exiles | Attacked by the Exiles 2212 | -9/Exiles | Core integrity fell below 50% 2250 | -9/Exiles | Discovered new exit (range 14) 2278 | -9/Exiles | Stole three prototypes: Firepult, Trap Reconfigurator, Modified TNC 2278 | -9/Exiles | Entered Mines 2296 | -8/Mines | Lost 10 parts (1p4n2u3w) 2376 | -8/Mines | Discovered new exit (range 10) 2402 | -8/Mines | Entered Materials 2402 | -8/Materials | Evolved 2 slots: Utility x2 2481 | -8/Materials | Build established: Mutant 2482 | -8/Materials | Identified exit to Storage 2824 | -8/Materials | Found Powered Armor 2827 | -8/Materials | Found Powered Armor 2943 | -8/Materials | Discovered new exit (range 7) 3166 | -8/Materials | Entered Storage 3495 | -8/Storage | Met a pair of Derelict thieves 3696 | -8/Storage | Destroyed 11 combat bots 3701 | -8/Storage | Core integrity fell below 50% 3862 | -8/Storage | Discovered new exit (range 16) 3937 | -8/Storage | Entered Factory 3937 | -7/Factory | Evolved 2 slots: Power x1, Propulsion x1 4205 | -7/Factory | Discovered new exit (range 22) 4241 | -7/Factory | Entered another Factory area 4241 | -6/Factory | Evolved 2 slots: Propulsion x1, Utility x1 4270 | -6/Factory | Identified exit to Lower Caves 4444 | -6/Factory | Discovered new exit (range 6) 4539 | -6/Factory | Fabricated Imp. Hacking Suite? 4631 | -6/Factory | Discovered new exit (range 9) 4674 | -6/Factory | Discovered new exit (range 21) 4675 | -6/Factory | Entered Lower Caves 4697 | -6/Lower Caves | Build established: Hacker-Sprinter 4744 | -6/Lower Caves | Learned Research trap positions 4744 | -6/Lower Caves | Learned Research stockpile data 4744 | -6/Lower Caves | Learned Extension emergency access door positions 4750 | -6/Lower Caves | Identified exit to Lower Caves 4841 | -6/Lower Caves | Entered another Lower Caves area 4852 | -6/Lower Caves | Discovered new exit (range 12) 4871 | -6/Lower Caves | Spotted B-75 Beast 4890 | -6/Lower Caves | Discovered new exit (range 7) 4895 | -6/Lower Caves | Entered Data Miner 4895 | -6/Data Miner | Discovered new exit (range 6) 4899 | -6/Data Miner | Met Data Miner 4906 | -6/Data Miner | Learned location of Section 7 (-3) 4906 | -6/Data Miner | Acquired the access code to Warlord's prototype stash 4910 | -6/Data Miner | Received God Mode back door access code from Data Miner 4916 | -6/Data Miner | Entered Proximity Caves 4920 | -5/Proximity Caves | Escorted by Enhanced Grunt 5042 | -5/Proximity Caves | Learned location of Warlord (-4) 5042 | -5/Proximity Caves | Learned location of Armory (-4) 5086 | -5/Proximity Caves | Spotted B-75 Beast 5103 | -5/Proximity Caves | Discovered new exit (range 19) 5108 | -5/Proximity Caves | Entered Factory 5108 | -5/Factory | Evolved 2 slots: Power x1, Utility x1 5121 | -5/Factory | Discovered new exit (range 4) 5126 | -5/Factory | Entered Upper Caves 5161 | -5/Upper Caves | Spotted B-75 Beast 5219 | -5/Upper Caves | Discovered new exit (range 7) 5221 | -5/Upper Caves | Entered another Upper Caves area 5233 | -5/Upper Caves | Discovered new exit (range 8) 5263 | -5/Upper Caves | Learned location of 1 exit from Factory 5289 | -5/Upper Caves | Attacked by a delusional Derelict stockpiling parts 5299 | -5/Upper Caves | Discovered new exit (range 21) 5301 | -5/Upper Caves | Spotted XR-Q27(f) 5302 | -5/Upper Caves | Spotted QR-8Z3(f) 5303 | -5/Upper Caves | Encountered a Master Thief 5303 | -5/Upper Caves | Spotted OO-L6H(f) 5303 | -5/Upper Caves | Spotted 8X-1BF(f) 5304 | -5/Upper Caves | Encountered a Master Thief 5304 | -5/Upper Caves | Encountered a Master Thief 5304 | -5/Upper Caves | Encountered a Master Thief 5334 | -5/Upper Caves | Entered Zhirov 5334 | -5/Zhirov | Discovered new exit (range 3) 5340 | -5/Zhirov | Met Zhirov 5349 | -5/Zhirov | Learned location of Quarantine (-3) 5349 | -5/Zhirov | Learned location of Testing (-2) 5349 | -5/Zhirov | Learned location of Command (-1) 5352 | -5/Zhirov | Zhirov requested help retrieving the SGEMP Prototype 5356 | -5/Zhirov | Found Alien Artifact 5357 | -5/Zhirov | Identified Integrated Reactor 5357 | -5/Zhirov | Installed Integrated Reactor, increased core energy generation (+10) 5408 | -5/Zhirov | Found Alien Artifact 5469 | -5/Zhirov | Attacked by Zhirov 5473 | -5/Zhirov | Cloak Generator disabled 5476 | -5/Zhirov | Destroyed Svarog 5493 | -5/Zhirov | Zhirov warped through subspace 5499 | -5/Zhirov | Zhirov detonated his lab 5616 | -5/Zhirov | Entered Proximity Caves 5643 | -4/Proximity Caves | Learned 12 Research zone layouts 5653 | -4/Proximity Caves | Build established: Hacker-Mutant 5786 | -4/Proximity Caves | Learned Research security intel 5793 | -4/Proximity Caves | Attracted the attention of an 0b10 checkpoint 5863 | -4/Proximity Caves | Spotted B-86 Titan 6001 | -4/Proximity Caves | Discovered new exit (range 5) 6006 | -4/Proximity Caves | Entered Factory 6006 | -4/Factory | Evolved 2 slots: Utility x2 6007 | -4/Factory | Identified exit to Research 6014 | -4/Factory | Identified Transdimensional Reconstructor 6199 | -4/Factory | Build established: Generator-Mutant 6397 | -4/Factory | Garrison activated, responded to threat 6421 | -4/Factory | Lost 3 parts (1p1u1w) 6737 | -4/Factory | Spotted B-86 Titan 6739 | -4/Factory | Identified exit to Upper Caves 6739 | -4/Factory | Identified exit to Extension 6739 | -4/Factory | Identified exit to Armory 6803 | -4/Factory | First assault squad dispatched 6852 | -4/Factory | Entered Extension 6970 | -4/Extension | Build established: Hacker-Mutant 7039 | -4/Extension | Energy Cycler disabled 7039 | -4/Extension | Rescued a captive Derelict 7040 | -4/Extension | Rescued A7 7043 | -4/Extension | Rescued a captive Derelict 7043 | -4/Extension | Rescued a captive Derelict 7043 | -4/Extension | Rescued a captive Derelict 7314 | -4/Extension | Build established: Generator-Mutant 7633 | -4/Extension | Build established: Hacker-Mutant 7760 | -4/Extension | Spotted B-86 Titan 7775 | -4/Extension | Discovered exit to Research (range 19) 7775 | -4/Extension | Spotted B-86 Titan 7808 | -4/Extension | Allies destroyed B-86 Titan 7812 | -4/Extension | Destroyed B-86 Titan 7844 | -4/Extension | Found Hvy. Reflective Plating 7986 | -4/Extension | Discovered new exit (range 22) 7987 | -4/Extension | Discovered exit to Research (range 21) 8029 | -4/Extension | Entered Cetus 8029 | -4/Cetus | Accompanied by 4 allies (A7) 8034 | -4/Cetus | Acquired a Cetus Manufacturing Module code from A7 8047 | -4/Cetus | Spotted Cetus Guard 8047 | -4/Cetus | Spotted Cetus Guard 8047 | -4/Cetus | Spotted Cetus Guard 8047 | -4/Cetus | Spotted Cetus Guard 8058 | -4/Cetus | Destroyed Cetus Guard 8061 | -4/Cetus | Destroyed Cetus Guard 8063 | -4/Cetus | Allies destroyed Cetus Guard 8066 | -4/Cetus | Allies destroyed Cetus Guard 8110 | -4/Cetus | Destroyed A7 8112 | -4/Cetus | Extracted ID and sensor layout for unrecognized location from A7's data core 8166 | -4/Cetus | Build established: Scavenger-Mutant 8185 | -4/Cetus | Started Cetus Manufacturing Module 8195 | -4/Cetus | Discovered new exit (range 21) 8210 | -4/Cetus | Manufactured an Enhanced Grunt 8235 | -4/Cetus | Manufactured an Enhanced Grunt 8260 | -4/Cetus | Manufactured an Enhanced Grunt 8285 | -4/Cetus | Manufactured an Enhanced Grunt 8310 | -4/Cetus | Manufactured an Enhanced Grunt 8317 | -4/Cetus | Spotted Cetus Guard 8320 | -4/Cetus | Spotted Cetus Guard 8320 | -4/Cetus | Spotted Cetus Guard 8330 | -4/Cetus | Allies destroyed Cetus Guard 8331 | -4/Cetus | Destroyed Cetus Guard 8334 | -4/Cetus | Destroyed Cetus Guard 8335 | -4/Cetus | Spotted Cetus Guard 8340 | -4/Cetus | Destroyed Cetus Guard 8350 | -4/Cetus | Discovered exit to Research (range 21) 8368 | -4/Cetus | Met Revision 17 8417 | -4/Cetus | Entered Research 8417 | -3/Research | Accompanied by 2 allies 8417 | -3/Research | Evolved 2 slots: Utility x2 8419 | -3/Research | Loaded intel: 79 trap records 8869 | -3/Research | Garrison activated, responded to threat 9073 | -3/Research | Spotted B-86 Titan 9083 | -3/Research | Found Fusion Bomb Launcher 9086 | -3/Research | Found Fusion Bomb Launcher 9177 | -3/Research | Lost 3 parts (1p2u) 9217 | -3/Research | First assault squad dispatched 9246 | -3/Research | Incoming assault squad redirected 9316 | -3/Research | Lost 3 parts (2u1w) 9552 | -3/Research | System corruption reached 10% 9582 | -3/Research | Lost 3 parts (1p1n1u) 9980 | -3/Research | Garrison activated, responded to threat 10025 | -3/Research | Lost 3 parts (2p1n) 10265 | -3/Research | Garrison activated, responded to threat 10446 | -3/Research | System corruption reached 30% 10465 | -3/Research | High security lockdown imminent 10545 | -3/Research | High security lockdown engaged 10647 | -3/Research | Build established: Generator-Mutant 10685 | -3/Research | Destroyed 8 combat bots 10700 | -3/Research | Lost 5 parts (1p2n2u) 10719 | -3/Research | Spotted Striker 10726 | -3/Research | Core integrity fell below 50% 10733 | -3/Research | Core integrity fell below 20% 10752 | -3/Research | Spotted B-86 Titan 10757 | -3/Research | Lost 9 parts (1p1n5u2w) 10763 | -3/Research | Destroyed by G-73 Enforcer with Heavy Laser Last Messages --------------- 10722_ The unstable cave ceiling collapses. 10722_ Centrium Light Armor Plating destroyed. 10723_ Hyp. Mass Driver destroyed. 10723_ Centrium Light Armor Plating destroyed. 10723_ Biometal Medium Treads destroyed. 10725_ Knocked back. 10725_ Dropped Imp. Matter Compressor. 10726_ Enh. Optical Array destroyed. 10731_ WF|OUZ>AEPMEZA/N1 YX3PDO>8B1M 10738_ Penetrated by Slug. 10738_ Slug penetrates Wall. 10748_ 2CG& YX4TJKHPWFYWJHSKL01DHS 10753_ Penetrated by Slug. 10763_ C-30 ARC bursts open, deploying its payload. 10763_ G-73 Enforcer unfolds itself. 10763_ L-61 Swordsman unfolds itself. 10763_ B-74 Champion unfolds itself. 10763_ L-61 Swordsman unfolds itself. 10763_ E-15 Imp unfolds itself. 10763_ Investigator unfolds itself. Map ----- +----------------------------------------------------+ | ???????? ??????? # """#? | | ??????? #####??### "" #? | | ??????? ?? #####? | | ??????? ?? #????? | | ??????# ?? ! #????? | | ??????#^^ ############## #????? | | ??????#^^ #??# # #????? | | ????????? #??# # #????? | | ????????????""T"" "##### ! + #????? | | ????????????""""" + # ##+#####? | | ????????????######## ###### ! # # #? | | ???????????????????# #????########### ### #? | | ??????????????????##+###########????# #?# #? | | ??????????????????# #????# #?# #? | | ??????????????????# #????# #?# #? | | ??????????????????# """ """ #????# #?# #? | | ??????????????????# """ """ #????# #?########? | | ??????????????????# """ """ #????# #?????????? | | ??????????????????# g !#????# #?????????? | | ??????????????????# g i #???## ##????????? | | ??????????????????# """ """ g##### #?######## | | ??????????????????# """ """ g #?# # | | ??????????????????# """ K""" ##### #?# # | | ??????????????????# #???## ##????????? | | ??????????????????# #????# #?????????? | | ??????????????????#######@########### ####??????? | | ??????????????????????? #??????? | | ??????????????????????# #??????? | | ??????????????????????# +^?????? | | ??????????????????????+ #??????? | | ??????????????????????# ######### #??????? | | ??????????????????????# o #???????# #??????? | | ??????????????????????# #########+#??????? | | ??????????????????????# #* #??????? | | ??????????????????????# # #??????? | | ??????????????????????#gc! + #??????? | | ??????????????????????l%l """ # #??????? | | ??????????????????????#be "T" # "#??????? | | ??????????????????????# # "%#??????? | | ????????????????????### # %#??????? | | ????????????????????? + === #??????? | | ??????????????????????# # === #"###### | | ??????????????????????# # === / # | | ??????????????????????# # # # | | ??????????????????????# # # # | | ??????????????????????# # # # | | ??????????????????????# ### # ## # | | ??????????????????????# ### ! # | | ??????????????????????+ """ # # | | ??????????????????????# """ ]! # | +----------------------------------------------------+ Best States ------------- Heat Dissipation 115 Energy Generation 69 Energy Capacity 810 Matter Stores 600 Matter Capacity 800 Sight Range 22 Robot Scan Range 30 Terrain Scan Density 10 Additional Mass Support 9 Armor Coverage 1200 Resistance: KI 25 Resistance: TH 25 Propulsion Shielding 90 Utility Shielding 66 Reclamation Efficiency 25 Evasion (%) 64 Targeting Accuracy 8 Target Analysis 8 Core Analysis 10 Armor Integrity Analysis 66 Recoil Reduction 4 Matter Filtering 50 Offensive Hacking 12 Defensive Hacking 22 Item Schematics ----------------- Imp. Flight Unit | -7/Factory | Scanalyzed Adv. EMP Blaster | -7/Factory | Scanalyzed Imp. Hacking Suite | -6/Factory | Hacked Adv. Weight Redist. System | -6/Factory | Hacked Imp. Propulsion Shielding | -6/Factory | Hacked Combat Drone Bay | -6/Data Miner | Free Lgt. Regenerative Plating | -6/Data Miner | Free Triangulator | -6/Data Miner | Free Exp. Cesium-ion Thruster | -6/Data Miner | Free Exp. Terrain Scan Processor | -6/Data Miner | Free Exp. Targeting Computer | -6/Data Miner | Free Exp. Transmission Jammer | -6/Data Miner | Free Exp. ECM Suite | -6/Data Miner | Free Mni. Smartbomb Launcher | -6/Data Miner | Free Assault Drone Bay | -5/Zhirov | Free Exp. Heat Sink | -5/Zhirov | Free Exp. Optical Array | -5/Zhirov | Free Imp. Arc Thrower | -5/Zhirov | Free Exp. Propulsion Shielding | -4/Factory | Scanalyzed Adv. Hacking Suite | -4/Factory | Scanalyzed Robot Schematics ------------------ S-27 Virus | -6/Data Miner | Free G-50 Soldier | -6/Data Miner | Free X-72 Disruptor | -6/Data Miner | Free L-41 Fighter | -6/Data Miner | Free P-70 Sage | -6/Data Miner | Free I-36 Angel | -6/Data Miner | Free I-47 Archangel | -6/Data Miner | Free Fabricated ------------ Imp. Hacking Suite | x1 | -6/Factory Alien Tech Used ----------------- Integrated Reactor Achievements -------------- Exposed Sniper Challenges ------------ None Game ------ Seed ParticleGammaGuard Manual? 0 Play Time 02:18:03 Cumulative 102.8 hours Start 2020.11.02 @ 13:11:06 End 2020.11.02 @ 15:31:24 Sessions 1 Manual Loads 0 Difficulty Rogue Special Mode Halloween2020/ForbiddenLore Game No. 103 Rogue 98 Adventurer 0 Explorer 5 Win Type - Total 1 Types 0/0/1/0/0/0/0/0/0 Lore% 53 Gallery% 82 Achievement% 63 Wizard Run 0 Options --------- ASCII 0 Keyboard 0 Movement Numpad Keybinds 0 Fullscreen 1 Font 18/X11 Map View 76x50 Tactical HUD 1 Map Filters NONE Filters NONE Steam 1 RUN: 15ec8083-172f-4bfd-ac4f-fd2d2d549016